 Dungeon Crawl Stone Soup version 0.20.1-1-g8b1a95d (webtiles) character file.

1843 Ladykiller69 the Ruffian (level 8, -6/83 HPs)
             Began as a Troll Monk on July 19, 2017.
             Was a Priest of Cheibriados.
             Mangled by an ogre
             ... wielding a +0 giant spiked club
              (15 damage)
             ... on level 7 of the Dungeon.
             The game lasted 00:08:18 (5295 turns).

Ladykiller69 the Ruffian (Troll Monk)               Turns: 5295, Time: 00:08:19

Health: -6/83      AC:  5    Str: 29    XL:     8   Next: 88%
Magic:  6/9        EV: 14    Int: 14    God:    Cheibriados [***...]
Gold:   68         SH:  0    Dex: 21    Spells: 7/7 levels left

rFire    . . .     SeeInvis .     - Unarmed
rCold    . . .     Gourm    +   (no shield)
rNeg     . . .     Faith    .   a - +0 robe
rPois    .         Spirit   .   (helmet restricted)
rElec    .         Reflect  .   G - scarf {repulsion}
rCorr    .         Harm     .   (gloves unavailable)
MR       .....                  (boots unavailable)
Stlth    ++........             (no amulet)
Regen    0.7/turn               (no ring)
MPRegen  0.2/turn               (no ring)

@: about to teleport, repel missiles, very slow
A: unfitting armour, claws 3, fast metabolism 3, gourmand, regeneration 1,
shaggy fur 1, tough skin 2
a: Bend Time, Temporal Distortion, Renounce Religion


You were on level 7 of the Dungeon.
You worshipped Cheibriados.
Cheibriados was most pleased with you.
You were very full.

You visited 2 branches of the dungeon, and saw 8 of its levels.

You collected 372 gold pieces.
You spent 304 gold pieces at shops.

Inventory:

Missiles
 m - 3 large rocks
 v - 4 javelins (quivered)
 I - a throwing net
Armour
 a - a +0 robe (worn)
 G - a scarf of repulsion (worn)
Jewellery
 t - an uncursed ring of see invisible {unknown}
 z - a cursed amulet of inaccuracy {unknown}
 B - a +5 ring of intelligence {unknown}
 K - a +5 ring of dexterity {unknown}
Wands
 q - a wand of acid (7/15)
Scrolls
 c - a scroll of noise {unknown}
 e - 11 scrolls of identify {unknown}
 f - 2 scrolls of recharging {unknown}
 h - 5 scrolls of teleportation
 j - a scroll of enchant weapon {unknown}
 p - 2 scrolls of amnesia {unknown}
 r - a scroll of fog {unknown}
 w - a scroll of immolation {unknown}
 x - 3 scrolls of remove curse {unknown}
 y - a scroll of enchant armour {unknown}
 E - a scroll of blinking {unknown}
 F - a scroll of fear {unknown}
Potions
 d - 4 potions of curing {unknown}
 g - 2 potions of cancellation {unknown}
 i - a potion of degeneration {unknown}
 k - a potion of might {unknown}
 l - 4 potions of heal wounds {unknown}
 s - a potion of flight {unknown}
 u - a potion of brilliance {unknown}
 C - a potion of mutation {unknown}
 D - 2 potions of berserk rage {unknown}
 J - a potion of invisibility {unknown}
Books
 o - a book of Minor Magic

   Spells                             Type                      Level
   a - Magic Dart                     Conjuration                  1
   b - Blink                          Translocation                2
   c - Call Imp                       Summoning                    2
   d - Slow                           Hexes                        2
   e - Conjure Flame                  Conjuration/Fire             3
   f - Mephitic Cloud                 Conjuration/Poison/Air       3
 H - a book of Geomancy

   Spells                             Type                      Level
   a - Sandblast                      Earth                        1
   b - Passwall                       Transmutation/Earth          2
   c - Stone Arrow                    Conjuration/Earth            3
   d - Petrify                        Transmutation/Earth          4
   e - Lee's Rapid Deconstruction     Earth                        5
Comestibles
 b - 6 bread rations
 n - 4 meat rations
 A - 2 royal jellies


   Skills:
 + Level 5.9 Fighting
 + Level 5.7 Dodging
 - Level 1.0 Stealth
 + Level 6.8 Unarmed Combat
 + Level 3.1 Invocations


You had 7 spell levels left.
You didn't know any spells.

Dungeon Overview and Level Annotations

Branches:
Dungeon (7/15)             Temple (1/1) D:5

Altars:
Ashenzari
Cheibriados
Dithmenos
Hepliaklqana
Kikubaaqudgha
Makhleb
Nemelex Xobeh
Okawaru
Qazlal
Ru
Sif Muna
Uskayaw
Xom
Yredelemnul
Zin

Shops:
D:4 !   D:6 [


Innate Abilities, Weirdness & Mutations

You are too large for most types of armour.
You have claws for hands.
Your metabolism is lightning-fast.
You like to eat raw meat.
Your natural rate of healing is unusually fast.
You are covered in fur. (AC +1)
You have very tough skin. (AC +2)


Message History

Okay, then.
As you read the scroll labeled SEIROS AHEUSM, it crumbles to dust.
You feel strangely unstable.
It was a scroll of teleportation.
The orc wizard gestures at you while chanting.
The magic dart hits you!
* * * LOW HITPOINT WARNING * * *
The orc closely misses you.
You barely miss the orc warrior.
The orc warrior is almost dead.
The orc wizard closely misses you. The orc warrior hits you with a mace.
* * * LOW HITPOINT WARNING * * *
The orc hits you but does no damage. The orc barely misses you.
You claw the orc warrior!
You kill the orc warrior!
Cheibriados appreciates the change of pace.
The orc wizard misses you. The orc wizard barely misses you. The orc hits you.
* * * LOW HITPOINT WARNING * * *
You barely miss the ogre. The orc wizard closely misses you.
The ogre hits you with a giant spiked club!
You die...

.....)).....#..###
###.........#..# #
#.........#..# #
#########....# ###
#....## ..##### ##....#
......# ##.....# ...##.
#.....o#######.
..............oo@Oo.....
#.............hooo.####.
##...#......$.o#...#
##.....#.....##....
#.#........ .##.#
####.##.. .. .. #. #..
.# . # ## ..


You could see an ogre, a hound, 3 orc wizards and 5 orcs.

Vanquished Creatures
  Duvessa (D:7)
  An orc warrior (D:7)
  A black bear (D:6)
  4 ogres
  2 centaurs
  Blork the orc (D:4)
  2 bullfrogs
  Dowan (D:7)
  4 wights (D:6)
  A jelly (D:6)
  A bullfrog zombie (D:7)
  2 hounds
  2 orc priests
  A bullfrog skeleton (D:4)
  3 orc wizards
  Terence (D:3)
  3 worker ants
  12 adders
  A shadow imp (D:3)
  An adder zombie (D:2)
  2 adder skeletons (D:5)
  5 worms
  3 dart slugs
  4 leopard geckos
  13 orcs
  8 bats
  A bat skeleton (D:2)
  4 giant cockroaches
  5 goblins
  6 hobgoblins
  6 jackals
  4 quokkas
  A ball python (D:3)
  6 frilled lizards
  A giant cockroach zombie (D:2)
  3 kobolds
  A leopard gecko skeleton (D:4)
  2 quokka zombies
  9 rats
129 creatures vanquished.

Notes
Turn   | Place    | Note
-------+----------+-------------------------------------------
     0 | D:1      | Ladykiller69 the Troll Monk began the quest for the Orb.
     0 | D:1      | Reached XP level 1. HP: 22/22 MP: 0/0
   748 | D:2      | Reached XP level 2. HP: 29/29 MP: 1/1
   892 | D:2      | Reached XP level 3. HP: 33/36 MP: 2/2
  1005 | D:2      | Reached XP level 4. HP: 39/45 MP: 3/3
  1057 | D:2      | Found a glowing silver altar of Zin.
  1223 | D:2      | Found a deep blue altar of Sif Muna.
  1370 | D:3      | Noticed Terence
  1379 | D:3      | Killed Terence
  1411 | D:3      | Reached skill level 4 in Unarmed Combat
  1533 | D:3      | Reached XP level 5. HP: 52/53 MP: 4/4
  1725 | D:3      | Noticed a centaur
  1747 | D:3      | Killed a centaur
  1754 | D:3      | HP: 1/54 [shadow imp/nerve-wracking pain (2)]
  1761 | D:3      | HP: 2/54 [poisoned by an adder]
  2104 | D:3      | Reached XP level 6. HP: 61/62 MP: 5/5
  2240 | D:4      | Reached skill level 5 in Unarmed Combat
  2352 | D:4      | Found Ginetuebb's Distillery.
  2425 | D:4      | Reached XP level 7. HP: 68/71 MP: 6/6
  2442 | D:4      | Noticed Blork the orc
  2452 | D:4      | Killed Blork the orc
  2829 | D:5      | Entered Level 5 of the Dungeon
  3210 | D:5      | Found a staircase to the Ecumenical Temple.
  3212 | D:5      | Found a faded altar of an unknown god.
  3221 | Temple   | Entered the Ecumenical Temple
  3258 | Temple   | Became a worshipper of Cheibriados the Contemplative
  3258 | Temple   | Reached * piety under Cheibriados
  3258 | Temple   | Reached ** piety under Cheibriados
  3323 | D:5      | Found a shadowy altar of Dithmenos.
  3530 | D:5      | Reached skill level 5 in Fighting
  3786 | D:5      | Found a sacrificial altar of Ru.
  3786 | D:5      | Found a hide-covered altar of Uskayaw.
  3852 | D:5      | Reached skill level 5 in Dodging
  3892 | D:5      | Reached skill level 1 in Invocations
  3892 | D:5      | Reached XP level 8. HP: 77/80 MP: 7/7
  4152 | D:6      | Reached skill level 6 in Unarmed Combat
  4227 | D:6      | Found an iron altar of Okawaru.
  4310 | D:6      | Found Teppipadgh's Antique Armour Shoppe.
  4317 | D:6      | Bought an embroidered scarf for 152 gold pieces
  4322 | D:6      | Bought a glowing scarf for 152 gold pieces
  4592 | D:6      | Reached *** piety under Cheibriados
  5233 | D:7      | Noticed Duvessa
  5234 | D:7      | Noticed Dowan
  5239 | D:7      | Killed Dowan
  5244 | D:7      | Killed Duvessa
  5295 | D:7      | Mangled by an ogre

Skill      XL: |  1  2  3  4  5  6  7  8 |
---------------+-------------------------+-----
Fighting       | 3 4 5 |  5.9
Dodging        | 3 4 5 |  5.7
Unarmed Combat | 4 5 6 |  6.8
Invocations    | 1 3 |  3.1
Stealth        | |  1.0

Action                   |  1- 3 |  4- 6 |  7- 9 || total
-------------------------+-------+-------+-------++-------
Melee: Unarmed           |    79 |   142 |   179 ||   400
       Punch             |     1 |     3 |     5 ||     9
Throw: Javelin           |       |       |     4 ||     4
Invok: Bend Time         |       |       |     1 ||     1
  Use: Scroll            |       |       |     1 ||     1
 Stab: Sleeping          |     2 |     3 |     3 ||     8
  Eat: Chunk             |    12 |    16 |    18 ||    46
Armor: Robe              |    39 |    39 |    40 ||   118
Dodge: Dodged            |    40 |    74 |   107 ||   221
